 Dungeon Crawl Stone Soup version 0.24-a0-479-g9a978d2 (console) character file.

Game seed: 10038896798088614602

114 HarryHood the Skirmisher (level 4, 0/44 HPs)
             Began as a Minotaur Berserker on July 5, 2019.
             Was a Believer of Trog.
             Slain by Sigmund
             ... wielding a +0 scythe
              (5 damage)
             ... on level 2 of the Dungeon on July 8, 2019.
             The game lasted 00:05:37 (1566 turns).

HarryHood the Skirmisher (Minotaur Berserker)       Turns: 1566, Time: 00:05:38

Health: 0/44       AC:  4    Str: 22    XL:     4   Next: 67%
Magic:  3/3        EV: 12    Int:  4    God:    Trog [**....]
Gold:   64         SH:  0    Dex: 10    Spells: 3/3 levels left

rFire    + . .     SeeInvis .   a - +0 mace
rCold    . . .     Gourm    .   (no shield)
rNeg     . . .     Faith    .   b - +0 animal skin
rPois    .         Spirit   .   (helmet restricted)
rElec    .         Reflect  .   j - +1 cloak
rCorr    .         Harm     .   (no gloves)
MR       .....                  (no boots)
Stlth    +.........             (no amulet)
HPRegen  0.14/turn              i - ring of protection from fire
MPRegen  0.08/turn              (no ring)

@: no status effects
A: retaliatory headbutt, horns 2
a: Berserk, Trog's Hand, Renounce Religion


You were on level 2 of the Dungeon.
You worshipped Trog.
Trog was pleased with you.
You were not hungry.

You visited 1 branch of the dungeon, and saw 2 of its levels.

You collected 64 gold pieces.

Inventory:

Hand Weapons
 a - a +0 mace (weapon)
Missiles
 c - 74 stones (quivered)
Armour
 b - a +0 animal skin (worn)
 j - a +1 cloak (worn)
Jewellery
 i - a ring of protection from fire (left hand)
Scrolls
 f - a scroll of enchant armour
Potions
 g - 3 potions of curing {@q2}
Comestibles
 d - 2 chunks of flesh
 e - 2 rations {@e1}


   Skills:
 - Level 6.0 Fighting
 * Level 4.5 Maces & Flails
 - Level 2.4 Armour
 - Level 2.1 Dodging


You had 3 spell levels left.
You didn't know any spells.
Your spell library was empty.

Dungeon Overview and Level Annotations

Branches:
Dungeon (2/15)

Altars:

Annotations:
D:2 Sigmund


Innate Abilities, Weirdness & Mutations

You reflexively headbutt those who attack you in melee.
You have a pair of horns on your head.


Message History

You hit the frilled lizard. The kobold barely misses you.
You furiously retaliate!
You headbutt the kobold!
You kill the kobold!
Trog accepts your kill.
The frilled lizard bites you but does no damage.
Sigmund hits you from afar with a +0 scythe!
* * * LOW HITPOINT WARNING * * *
Some of the chunks of flesh in your inventory have rotted away.
You take 16 damage, and have 7/44 hp.
MASSIVE DAMAGE!!
A dart slug comes into view.
The quokka barely misses you.
The frilled lizard bites you but does no damage.
Things that are here:
a +0 whip; a pink potion; a kobold corpse You barely miss the frilled lizard.
The quokka twitches its whiskers.
The quokka bites you.
* * * LOW HITPOINT WARNING * * *
Sigmund hits you with a +0 scythe.
You die...

######.##... .<..........
..# # ... ........#..#
......... .....#
.#..##.##.#.#..##
...#.##....##.#.........
).........# #.#..#.....w
.#...##.#.###.#.%....###
).รท.....#...............
...............r@.......
................l@...##.
#........#......##.%##
................# ..#
#........#......# .#
.#.....###......# ..
.##.##.# #.....?# .#
#..##.# #......# .. #..
#.# #####+##


You could see Sigmund, a dart slug, a quokka and a frilled lizard.

Vanquished Creatures
  2 orc wizards (D:2)
  An adder (D:2)
  2 dart slugs
  3 leopard geckos (D:1)
  3 orcs (D:2)
  4 bats
  A giant cockroach (D:1)
  4 goblins
  2 hobgoblins
  6 kobolds
  7 frilled lizards
  3 rats (D:1)
38 creatures vanquished.

Notes
Turn   | Place    | Note
-------+----------+-------------------------------------------
     0 | D:1      | HarryHood the Minotaur Berserker began the quest for the
                  | Orb.
     0 | D:1      | Reached XP level 1. HP: 19/19 MP: 0/0
   113 | D:1      | Reached skill level 4 in Fighting
   140 | D:1      | Reached XP level 2. HP: 16/28 MP: 1/1
   949 | D:1      | Reached skill level 5 in Fighting
  1137 | D:1      | Reached ** piety under Trog
  1177 | D:1      | Reached XP level 3. HP: 36/36 MP: 2/2
  1332 | D:2      | Reached skill level 6 in Fighting
  1332 | D:2      | Reached XP level 4. HP: 33/44 MP: 3/3
  1333 | D:2      | Reached skill level 4 in Maces & Flails
  1339 | D:2      | Upgraded the game from 0.24-a0-471-g3302cd4 to
                  | 0.24-a0-479-g9a978d2
  1554 | D:2      | Noticed Sigmund
  1566 | D:2      | Slain by Sigmund

Levels and vault maps discovered:
D:1:      minmay_arrival_widening_spiral_wide, layout_basic
D:2:      layout_basic, serial_corexii_hall, corexii_hall_statues_i,
          corexii_hall_statues_x, uniq_sigmund

Skill      XL: |  1  2  3  4 |
---------------+-------------+-----
Fighting       | 4 5 6 |  6.0
Maces & Flails | 4 |  4.5
Armour         | |  2.4
Dodging        | |  2.1

Action                   |  1- 3 |  4- 6 || total
-------------------------+-------+-------++-------
Melee: Mace              |    58 |    10 ||    68
       Headbutt          |     8 |     1 ||     9
Invok: Berserk           |     1 |       ||     1
  Use: Scroll            |     4 |       ||     4
 Stab: Sleeping          |     3 |       ||     3
  Eat: Chunk             |     1 |     2 ||     3
Armor: Animal skin       |    10 |     5 ||    15
Dodge: Dodged            |    48 |    10 ||    58

Table legend:
 A = Non-vault XP
 B = Vault XP
 C = Vault XP percentage of total XP
 D = Non-vault monster count
 E = Vault monster count
 F = Vault count percentage of total count
                 A         B        C        D         E       F
            +---------+---------+-------+---------+---------+-------
      Total |     164 |       0 |   0.0 |      38 |       0 |   0.0
            +---------+---------+-------+---------+---------+-------
        D:1 |      41 |       0 |   0.0 |      24 |       0 |   0.0
        D:2 |     123 |       0 |   0.0 |      14 |       0 |   0.0
            +---------+---------+-------+---------+---------+-------
